AoeStats
← 漠北万丈孤烟长河落日圆

Nomad

511027669Analyzed
4v4 RM · 4h ago on Oct 3, 2026· 44m 28s· 8 players
Game mode
Random Map
Map size
231×231
Population
200
Speed
Normal
Resources
Standard
Victory
Conquest
Starting age
Dark Age
Ending age
Imperial Age
RankedLock teamsTeams togetherTeam positionsShared explorationLock speedFull tech treeHidden civsTurbo modeCheats
Victory
Defeat
1341
+15
🇹🇼 Persians · Taiwan
1335
+15
🇦🇷 Japanese · Argentina
1334
+15
🇧🇷 Malay · Brazil
1266
+18
🇹🇼 Danes · Taiwan
1334
-17
🇹🇼 Malians · Taiwan
1316
-16
🇩🇪 Cumans · Germany
1296
-15
🇹🇼 Jurchens · Taiwan
1294
-15
y3imy3
5:19 Loom
14:53 Feudal Age
18:40 Castle Age
17:43 Double-Bit Axe
18:17 Scale Mail Armor
18:58 Gold Mining
18:32 Man-at-Arms
20:08 Chain Mail Armor
19:20 Long Swordsman
20:35 Squires
20:56 Arson
26:20 Horse Collar
28:40 Stone Mining
30:14 Pikeman
42:03 Town Watch
43:41 Wheelbarrow
weber
10:59 Loom
13:01 Feudal Age
14:22 Double-Bit Axe
15:05 Forging
19:06 Castle Age
19:04 Fishing Lines
20:01 Medium Warships
22:05 Pikeman
38:31 Horse Collar
39:28 Town Watch
amigopool
3:25 Loom
14:34 Feudal Age
18:41 Castle Age
17:06 Double-Bit Axe
19:32 Bow Saw
22:55 Horse Collar
25:47 Heavy Plow
29:04 Wheelbarrow
28:55 Scale Mail Armor
29:05 Forging
30:40 Pikeman
39:58 Wheelbarrow
39:48 Pikeman
40:29 Squires
40:59 Sanctity
40:48 Fishing Lines
41:59 Hand Cart
44:13 Chain Mail Armor
44:08 Forging
Simon
6:49 Loom
9:10 Loom
11:51 Feudal Age
12:38 Horse Collar
13:35 Double-Bit Axe
13:57 Town Watch
16:26 Wheelbarrow
17:23 Town Watch
20:02 Gold Mining
22:32 Castle Age
23:09 Scale Barding Armor
23:12 Fletching
28:55 Hand Cart
29:03 Light Cavalry
30:12 Bloodlines
30:14 Forging
32:19 Chain Barding Armor
33:56 Iron Casting
33:33 Stone Mining
34:27 Gold Shaft Mining
36:15 Bodkin Arrow
39:06 Imperial Age
39:42 Heavy Plow
40:48 Plate Barding Armor
chengaopeng044
3:39 Loom
14:41 Feudal Age
18:08 Castle Age
16:05 Double-Bit Axe
17:15 Bloodlines
18:54 Bow Saw
21:07 Town Watch
23:01 Horse Collar
25:34 Wheelbarrow
25:57 Scale Barding Armor
28:29 Hand Cart
33:47 Heavy Plow
36:28 Forging
37:11 Gold Mining
39:51 Stone Mining
44:37 Imperial Age
43:40 Chain Barding Armor
43:56 Iron Casting
44:22 Gold Shaft Mining
44:20 Fletching
44:20 Cavalier
45:01 Husbandry
darkdudu
6:39 Loom
8:19 Loom
15:48 Feudal Age
18:08 Feudal Age
18:19 Double-Bit Axe
18:58 Fishing Lines
21:48 Castle Age
20:47 Scale Barding Armor
20:54 Forging
21:29 Horse Collar
22:52 Bow Saw
23:39 Iron Casting
28:21 Wheelbarrow
29:27 Husbandry
漠北万丈孤烟长河落日圆
4:04 Loom
15:12 Feudal Age
17:46 Double-Bit Axe
21:45 Castle Age
20:01 Fletching
22:37 Bow Saw
22:44 Medium Warships
22:30 Bodkin Arrow
25:07 Wheelbarrow
24:27 Horse Collar
28:15 Bloodlines
28:07 Husbandry
28:26 Scale Barding Armor
29:21 Marauders
35:52 Imperial Age
33:27 Heavy Plow
33:16 Town Watch
34:29 Chain Barding Armor
34:19 Forging
35:50 Gold Mining
36:47 Iron Casting
36:10 Elite Tarkan
39:11 Blast Furnace
39:18 Plate Barding Armor
42:39 Two-Man Saw
43:12 Conscription
44:32 Bracer
jj
4:50 Loom
13:20 Feudal Age
18:07 Castle Age
17:11 Double-Bit Axe
17:26 Fletching
19:38 Medium Warships
20:15 Bodkin Arrow
Connection lost

Rejoining the realm…

Still unreachable

The connection could not be restored.

Session expired

The server has moved on; the page needs a fresh start.